PAAA
SALT LAKE CITY BUZZ @ TORTOLITA DRUMMERS
08/13/2018
 
TOP OF THE 1ST
Salt Lake City Buzz batting - Pitching for Tortolita Drummers : LHP Fernando Gómez
Pitching: LHP Fernando Gómez
Batting: LHB Chris Stoltzfus 0-0: Ball
1-0: Called Strike
1-1: Foul Ball, location: 2F
1-2: Ground out 6-3 (Groundball, 56)
Batting: LHB George Huffman 0-0: Called Strike
0-1: Ball
1-1: Ball
2-1: Ground out 5-3 (Groundball, 5)
Batting: RHB Jack Alexander 0-0: Called Strike
0-1: Ball
1-1: Called Strike
1-2: Ball
2-2: Strikes out swinging
Top of the 1st over - 0 run(s), 0 hit(s), 0 error(s), 0 left on base; Salt Lake City 0 - Tortolita 0
BOTTOM OF THE 1ST
Tortolita Drummers batting - Pitching for Salt Lake City Buzz : LHP Júlio Hernández
Pitching: LHP Júlio Hernández
Batting: RHB Allen George 0-0: Called Strike
0-1: Called Strike
0-2: SINGLE (Line Drive, 56D)
Batting: RHB Steve Patrick 0-0: Ball
1-0: DOUBLE (Flyball, 78XD)
Allen George to third
Batting: RHB Bart Lewis 0-0: Ball
1-0: Ball
Wild Pitch!
Allen George scores
Steve Patrick to third
2-0: Called Strike
2-1: Fly out, F3 (Line Drive, 3S)
Batting: RHB Kevin Howard 0-0: Ball
1-0: Ball
2-0: Called Strike
2-1: Ball
3-1: Foul Ball, location: 2F
3-2: Strikes out swinging
Batting: LHB Orlando Trevino 0-0: Ball
Passed Ball!
Steve Patrick scores
1-0: SINGLE (Groundball, 4MD)
Batting: LHB Ryan Westlake 0-0: Called Strike
0-1: Called Strike
0-2: Ball
1-2: Strikes out swinging
Bottom of the 1st over - 2 run(s), 3 hit(s), 0 error(s), 1 left on base; Salt Lake City 0 - Tortolita 2
TOP OF THE 2ND
Salt Lake City Buzz batting - Pitching for Tortolita Drummers : LHP Fernando Gómez
Batting: RHB Steffen Taylor 0-0: Ball
1-0: Fly out, F9 (Flyball, 89M)
Batting: RHB Roger Osborne 0-0: Ball
1-0: Ball
2-0: Ball
3-0: Called Strike
3-1: Foul Ball, location: 2F
3-2: Base on Balls
Batting: RHB Jason Delaney 0-0: Fly out, F3 (Popup, 23F)
Batting: SHB Alfonso Torres 0-0: Ball
1-0: Called Strike
1-1: Called Strike
1-2: Foul Ball, location: 2F
1-2: Foul Ball, location: 2F
1-2: Ball
2-2: Foul Ball, location: 2F
2-2: Ground out 5-3 (Groundball, 56)
Top of the 2nd over - 0 run(s), 0 hit(s), 0 error(s), 1 left on base; Salt Lake City 0 - Tortolita 2
BOTTOM OF THE 2ND
Tortolita Drummers batting - Pitching for Salt Lake City Buzz : LHP Júlio Hernández
Batting: LHB Pat McJannett 0-0: Ball
1-0: Ball
2-0: Called Strike
2-1: Foul Ball, location: 2F
2-2: Ball
3-2: Fly out, F3 (Popup, 3S)
Batting: RHB Jim Harris 0-0: Ball
1-0: Foul Ball, location: 2F
1-1: Foul Ball, location: 2F
1-2: Strikes out swinging
Batting: RHB Richard Ollivier 0-0: Ball
1-0: Called Strike
1-1: Foul Ball, location: 2F
1-2: Ball
2-2: Foul Ball, location: 2F
2-2: Foul Ball, location: 2F
2-2: Foul Ball, location: 2F
2-2: SINGLE (Groundball, 34D)
Batting: RHB Allen George 0-0: Ball
1-0: Called Strike
1-1: Foul Ball, location: 2F
1-2: Foul Ball, location: 2F
1-2: Strikes out looking
Bottom of the 2nd over - 0 run(s), 1 hit(s), 0 error(s), 1 left on base; Salt Lake City 0 - Tortolita 2
TOP OF THE 3RD
Salt Lake City Buzz batting - Pitching for Tortolita Drummers : LHP Fernando Gómez
Batting: RHB John Ramsey 0-0: Ball
1-0: Fly out, F4 (Popup, 34)
Batting: SHB Carlton Reed 0-0: Ball
1-0: Ground out 4-3 (Groundball, 4M)
Batting: LHB Chris Stoltzfus 0-0: Ball
1-0: Ball
2-0: Called Strike
2-1: Fly out, F7 (Line Drive, 7M)
Top of the 3rd over - 0 run(s), 0 hit(s), 0 error(s), 0 left on base; Salt Lake City 0 - Tortolita 2
BOTTOM OF THE 3RD
Tortolita Drummers batting - Pitching for Salt Lake City Buzz : LHP Júlio Hernández
Batting: RHB Steve Patrick 0-0: Foul Ball, location: 2F
0-1: Ball
1-1: Ball
2-1: Foul Ball, location: 2F
2-2: Ground out 1-3 (Groundball, 23)
Batting: RHB Bart Lewis 0-0: SINGLE (Line Drive, 7LS)
Batting: RHB Kevin Howard 0-0: Called Strike
0-1: Foul Ball, location: 2F
0-2: Ball
1-2: Ball
2-2: Fly out, F8 (Flyball, 8RM)
Batting: LHB Orlando Trevino 0-0: Ball
1-0: Ball
2-0: Called Strike
2-1: Foul Ball, location: 2F
2-2: Strikes out swinging
Bottom of the 3rd over - 0 run(s), 1 hit(s), 0 error(s), 1 left on base; Salt Lake City 0 - Tortolita 2
TOP OF THE 4TH
Salt Lake City Buzz batting - Pitching for Tortolita Drummers : LHP Fernando Gómez
Batting: LHB George Huffman 0-0: Called Strike
0-1: Foul Ball, location: 2F
0-2: Ball
1-2: Ball
2-2: Foul Ball, location: 2F
2-2: Foul Ball, location: 2F
2-2: Foul Ball, location: 2F
2-2: Foul Ball, location: 2F
2-2: SINGLE (Groundball, 4MD)
Batting: RHB Jack Alexander 0-0: Called Strike
0-1: Foul Ball, location: 2F
0-2: SINGLE (Line Drive, 8RS)
George Huffman to second
Batting: RHB Steffen Taylor 0-0: Ball
1-0: Ball
2-0: Called Strike
2-1: SINGLE (Groundball, 4MD)
George Huffman to third
Jack Alexander to second
Batting: RHB Roger Osborne 0-0: Ball
1-0: Foul Ball, location: 2F
1-1: Foul Ball, location: 2F
1-2: Foul Ball, location: 2F
1-2: Ball
2-2: Fly out, F9 (Flyball, 9D)
Runner from 3rd tags up, SCORES, no throw
Jack Alexander to third
Batting: RHB Jason Delaney 0-0: Called Strike
0-1: Grounds into double play, U6-3 (Groundball, 6M)
Top of the 4th over - 1 run(s), 3 hit(s), 0 error(s), 1 left on base; Salt Lake City 1 - Tortolita 2
BOTTOM OF THE 4TH
Tortolita Drummers batting - Pitching for Salt Lake City Buzz : LHP Júlio Hernández
Batting: LHB Ryan Westlake 0-0: Ball
1-0: Swinging Strike
1-1: Ball
2-1: Foul Ball, location: 2F
2-2: Ground out 6-3 (Groundball, 6M)
Batting: LHB Pat McJannett 0-0: Ball
1-0: Swinging Strike
1-1: Foul Ball, location: 2F
1-2: Foul Ball, location: 2F
1-2: SINGLE (Line Drive, 78S)
Batting: RHB Jim Harris 0-0: Ball
1-0: Swinging Strike
1-1: Swinging Strike
1-2: Foul Ball, location: 2F
1-2: Strikes out swinging
Batting: RHB Richard Ollivier 0-0: Swinging Strike
0-1: Ball
1-1: Ball
Wild Pitch!
Pat McJannett to second
2-1: Foul Ball, location: 2F
2-2: Ball
3-2: Fly out, F8 (Flyball, 8RM)
Bottom of the 4th over - 0 run(s), 1 hit(s), 0 error(s), 1 left on base; Salt Lake City 1 - Tortolita 2
TOP OF THE 5TH
Salt Lake City Buzz batting - Pitching for Tortolita Drummers : LHP Fernando Gómez
Batting: SHB Alfonso Torres 0-0: Foul Ball, location: 2F
0-1: Foul Ball, location: 2F
0-2: Foul Ball, location: 2F
0-2: Ball
1-2: Ball
2-2: Foul Ball, location: 2F
2-2: Ball
3-2: Fly out, F7 (Flyball, 78M)
Batting: RHB John Ramsey 0-0: Called Strike
0-1: Fly out, F2 (Popup, 25F)
Batting: SHB Carlton Reed 0-0: Fly out, F8 (Flyball, 8LM)
Top of the 5th over - 0 run(s), 0 hit(s), 0 error(s), 0 left on base; Salt Lake City 1 - Tortolita 2
BOTTOM OF THE 5TH
Tortolita Drummers batting - Pitching for Salt Lake City Buzz : LHP Júlio Hernández
Batting: RHB Allen George 0-0: Foul Ball, location: 2F
0-1: SINGLE (Line Drive, 56)
Batting: RHB Steve Patrick 0-0: Ball
Pickoff Throw to First - Out!
1-0: Ball
2-0: Foul Ball, location: 2F
2-1: Ground out 6-3 (Groundball, 6M)
Batting: RHB Bart Lewis 0-0: Swinging Strike
0-1: Swinging Strike
0-2: SINGLE (Line Drive, 89S)
Batting: RHB Kevin Howard 0-0: SINGLE (Groundball, 56D) (infield hit)
Bart Lewis to second
Batting: LHB Orlando Trevino 0-0: Foul Ball, location: 2F
0-1: Ball
1-1: Ball
2-1: SINGLE (Groundball, 34D)
Bart Lewis to third
Kevin Howard to second
Runner from 3rd tries for Home, SAFE, no throw or cutoff
Batting: LHB Ryan Westlake 0-0: SINGLE (Line Drive, 89S)
Kevin Howard to third
Orlando Trevino to second
Batting: LHB Pat McJannett 0-0: Foul Ball, location: 2F
0-1: SINGLE (Line Drive, 9LS)
Kevin Howard scores
Orlando Trevino to third
Ryan Westlake to second
Batting: RHB Jim Harris 0-0: Ball
1-0: Fielders Choice at 2nd, U4 (Groundball, 4M)
Bottom of the 5th over - 2 run(s), 6 hit(s), 0 error(s), 3 left on base; Salt Lake City 1 - Tortolita 4
TOP OF THE 6TH
Salt Lake City Buzz batting - Pitching for Tortolita Drummers : LHP Fernando Gómez
Batting: LHB Chris Stoltzfus 0-0: Called Strike
0-1: Swinging Strike
0-2: Ball
1-2: Ball
2-2: Ball
3-2: Base on Balls
Batting: LHB George Huffman 0-0: Ball
1-0: Grounds into double play, 3-6-1 (Groundball, 3)
Batting: RHB Jack Alexander 0-0: Called Strike
0-1: Swinging Strike
0-2: Strikes out swinging
Top of the 6th over - 0 run(s), 0 hit(s), 0 error(s), 0 left on base; Salt Lake City 1 - Tortolita 4
BOTTOM OF THE 6TH
Tortolita Drummers batting - Pitching for Salt Lake City Buzz : LHP Júlio Hernández
Batting: RHB Richard Ollivier 0-0: Ground out 1-3 (Groundball, 13S)
Batting: RHB Allen George 0-0: Ball
1-0: Ball
2-0: Foul Ball, location: 2F
2-1: Ball
3-1: Fly out, F4 (Popup, 8RS)
Batting: RHB Steve Patrick 0-0: Fly out, F7 (Flyball, 78D)
Bottom of the 6th over - 0 run(s), 0 hit(s), 0 error(s), 0 left on base; Salt Lake City 1 - Tortolita 4
TOP OF THE 7TH
Salt Lake City Buzz batting - Pitching for Tortolita Drummers : LHP Fernando Gómez
Batting: RHB Steffen Taylor 0-0: Called Strike
0-1: Ball
1-1: Ball
2-1: Ground out 4-3 (Groundball, 4)
Batting: RHB Roger Osborne 0-0: Called Strike
0-1: Called Strike
0-2: Foul Ball, location: 2F
0-2: SINGLE (Groundball, 13) (infield hit)
Batting: RHB Jason Delaney 0-0: Ball
1-0: Fly out, F9 (Flyball, 9M)
Batting: SHB Alfonso Torres 0-0: Ball
1-0: Ground out 6-3 (Groundball, 6)
Top of the 7th over - 0 run(s), 1 hit(s), 0 error(s), 1 left on base; Salt Lake City 1 - Tortolita 4
BOTTOM OF THE 7TH
Tortolita Drummers batting - Pitching for Salt Lake City Buzz : LHP Júlio Hernández
Batting: RHB Bart Lewis 0-0: Ball
1-0: Called Strike
1-1: Called Strike
1-2: Foul Ball, location: 2F
1-2: SINGLE (Groundball, 13) (infield hit)
Pitching: RHP Suezo Sato
Batting: RHB Kevin Howard 0-0: Ball
1-0: Ball
2-0: 2-RUN HOME RUN (Flyball, 7D), Distance : 365 ft
Batting: LHB Orlando Trevino 0-0: SINGLE (Flyball, 7S)
Batting: LHB Ryan Westlake 0-0: Called Strike
0-1: Ball
1-1: Swinging Strike
1-2: Ball
2-2: Strikes out swinging
Batting: LHB Pat McJannett 0-0: Called Strike
Orlando Trevino is caught stealing 2nd base
0-1: Ball
1-1: Ball
2-1: Foul Ball, location: 2F
2-2: Foul Ball, location: 2F
2-2: Ground out 6-3 (Groundball, 6M)
Bottom of the 7th over - 2 run(s), 3 hit(s), 0 error(s), 0 left on base; Salt Lake City 1 - Tortolita 6
TOP OF THE 8TH
Salt Lake City Buzz batting - Pitching for Tortolita Drummers : LHP Fernando Gómez
Batting: RHB John Ramsey 0-0: Called Strike
0-1: Ball
1-1: Called Strike
1-2: Foul Ball, location: 2F
1-2: Foul Ball, location: 2F
1-2: Ball
2-2: Foul Ball, location: 2F
2-2: Fly out, F3 (Popup, 9LSF)
Batting: SHB Carlton Reed 0-0: Swinging Strike
0-1: Ball
1-1: Ball
2-1: Ball
3-1: Called Strike
3-2: Base on Balls
Batting: LHB Chris Stoltzfus 0-0: Called Strike
0-1: Ball
1-1: Called Strike
1-2: SINGLE (Flyball, 4MD)
Carlton Reed to second
Batting: LHB George Huffman 0-0: Ball
1-0: Foul Ball, location: 2F
1-1: Foul Ball, location: 2F
1-2: Foul Ball, location: 2F
1-2: Ball
2-2: Ball
3-2: Base on Balls
Carlton Reed to third
Chris Stoltzfus to second
Pitching: LHP Jim Unknown
Batting: RHB Jack Alexander 0-0: GRAND SLAM HOME RUN (Flyball, 7D), Distance : 358 ft
Batting: RHB Steffen Taylor 0-0: Ball
1-0: Ball
2-0: Foul Ball, location: 2F
2-1: Foul Ball, location: 2F
2-2: Foul Ball, location: 2F
2-2: Ball
3-2: Strikes out swinging
Batting: RHB Roger Osborne 0-0: Ball
1-0: Foul Ball, location: 2F
1-1: SOLO HOME RUN (Flyball, 7D), Distance : 365 ft
Pinch Hitting: RHB Jim Unknown 0-0: Called Strike
0-1: Ball
1-1: Foul Ball, location: 2F
1-2: SINGLE (Line Drive, 89S)
Batting: SHB Alfonso Torres 0-0: Foul Ball, location: 2F
0-1: Swinging Strike
0-2: Ball
1-2: Ball
2-2: Foul Ball, location: 2F
2-2: Foul Ball, location: 2F
2-2: Fly out, F8 (Flyball, 8LXD)
Top of the 8th over - 5 run(s), 4 hit(s), 0 error(s), 1 left on base; Salt Lake City 6 - Tortolita 6
BOTTOM OF THE 8TH
Tortolita Drummers batting - Pitching for Salt Lake City Buzz : RHP Suezo Sato
Now in CF: Jim Unknown
Pinch Hitting: RHB Anastasio Cabanillas 0-0: Called Strike
0-1: Ball
1-1: Ground out 1-3 (Groundball, 13S)
Pinch Hitting: SHB Will Brock 0-0: Ball
1-0: Swinging Strike
1-1: Called Strike
1-2: Ball
2-2: SINGLE (Line Drive, 34)
Pinch Hitting: RHB Hoyt Powers 0-0: Ball
1-0: Ball
2-0: Called Strike
2-1: Reached on error, E5 (Groundball, 56)
Will Brock to second
Batting: RHB Steve Patrick 0-0: Ball
1-0: Ball
2-0: Ball
3-0: Called Strike
3-1: Swinging Strike
3-2: Grounds into double play, U6-3 (Groundball, 6M)
Bottom of the 8th over - 0 run(s), 1 hit(s), 1 error(s), 1 left on base; Salt Lake City 6 - Tortolita 6
TOP OF THE 9TH
Salt Lake City Buzz batting - Pitching for Tortolita Drummers : LHP Jim Unknown
Now at 2B: David Cross
Now at SS: Hunter Curtis
Now in CF: Will Brock
Pinch Hitting: LHB Fernando González 0-0: Called Strike
0-1: Ball
1-1: Swinging Strike
1-2: Ball
2-2: Ground out 4-3 (Groundball, 4)
Batting: SHB Carlton Reed 0-0: Called Strike
0-1: Ball
1-1: SINGLE (Groundball, 6M)
Pinch Hitting: RHB Ugo Brandini 0-0: Called Strike
0-1: Ball
1-1: Ball
2-1: Called Strike
2-2: Ball
3-2: Strikes out swinging
Carlton Reed steals 2nd base
Batter strikes out.
Batting: LHB George Huffman 0-0: Ball
1-0: Ball
2-0: Ball
3-0: Base on Balls
Batting: RHB Jack Alexander 0-0: Called Strike
0-1: Ball
1-1: Fly out, F9 (Flyball, 89D)
Top of the 9th over - 0 run(s), 1 hit(s), 0 error(s), 2 left on base; Salt Lake City 6 - Tortolita 6
BOTTOM OF THE 9TH
Tortolita Drummers batting - Pitching for Salt Lake City Buzz : RHP Suezo Sato
Pitching: RHP Scott Neal
Now at 1B: Fernando González
Now at SS: Ugo Brandini
Batting: RHB Bart Lewis 0-0: Ball
1-0: Ball
2-0: Ball
3-0: Called Strike
3-1: Base on Balls
Batting: RHB Kevin Howard 0-0: Called Strike
0-1: Ball
1-1: Swinging Strike
1-2: Foul Ball, location: 2F
1-2: Foul Ball, location: 2F
1-2: Foul Ball, location: 2F
1-2: Ball
2-2: Ball
3-2: Base on Balls
Bart Lewis to second
Batting: LHB Orlando Trevino 0-0: Called Strike
0-1: Swinging Strike
0-2: Fielders Choice at 2nd, 3-6 (Groundball, 3)
Bart Lewis to third
Batting: LHB Ryan Westlake 0-0: Ball
Orlando Trevino steals 2nd base
1-0: Intentional Walk
Batting: LHB Pat McJannett 0-0: Called Strike
0-1: Ball
1-1: Swinging Strike
1-2: Ball
2-2: Ball
3-2: Fly out, F6 (Popup, 6D)
Pinch Hitting: RHB Jim Unknown 0-0: Ground out 1-3 (Groundball, 15S)
Bottom of the 9th over - 0 run(s), 0 hit(s), 0 error(s), 3 left on base; Salt Lake City 6 - Tortolita 6
TOP OF THE 10TH
Salt Lake City Buzz batting - Pitching for Tortolita Drummers : LHP Jim Unknown
Now at SS: Tim Love
Batting: RHB Steffen Taylor 0-0: Ball
1-0: Called Strike
1-1: Called Strike
1-2: Ball
2-2: Foul Ball, location: 2F
2-2: Ground out 6-3 (Groundball, 6MS)
Pitching: RHP Luis Gonzáles
Batting: RHB Roger Osborne 0-0: Called Strike
0-1: Ground out 1-3 (Groundball, 13)
Batting: RHB Jim Unknown 0-0: Called Strike
0-1: Called Strike
0-2: Ball
1-2: Ball
2-2: SOLO HOME RUN (Line Drive, 78XD), Distance : 416 ft
Batting: SHB Alfonso Torres 0-0: Foul Ball, location: 2F
0-1: Ball
1-1: Ball
2-1: Swinging Strike
2-2: Fly out, F8 (Line Drive, 8LD)
Top of the 10th over - 1 run(s), 1 hit(s), 0 error(s), 0 left on base; Salt Lake City 7 - Tortolita 6
BOTTOM OF THE 10TH
Tortolita Drummers batting - Pitching for Salt Lake City Buzz : RHP Scott Neal
Batting: SHB Will Brock 0-0: Ball
1-0: Called Strike
1-1: Foul Ball, location: 2F
1-2: Foul Ball, location: 2F
1-2: Strikes out swinging
Batting: RHB Hunter Curtis 0-0: Called Strike
0-1: Swinging Strike
0-2: Ball
1-2: Ball
2-2: Strikes out swinging
Batting: RHB Steve Patrick 0-0: Ball
1-0: Ball
2-0: Ball
3-0: Swinging Strike
3-1: Foul Ball, location: 2F
3-2: Strikes out swinging
Bottom of the 10th over - 0 run(s), 0 hit(s), 0 error(s), 0 left on base; Salt Lake City 7 - Tortolita 6
This league is powered by Out of the Park Baseball, the baseball management simulation game for PC, Mac and Linux
Monday, May 4th, 2015 - OOTP Baseball 15.6 Build 34